 Dungeon Crawl Stone Soup version 0.30.1-3-gfc49f6343a (webtiles) character file.

Game seed: 14899312064504260112

1143 Peloso the Slasher (level 8, 0/70 HPs)
             Began as a Minotaur Fighter on July 21, 2023.
             Was an Initiate of Okawaru.
             Slain by an ogre
             ... wielding a +0 giant spiked club
              (17 damage)
             ... on level 5 of the Dungeon.
             The game lasted 00:09:35 (3986 turns).

Peloso the Slasher (Minotaur Fighter)               Turns: 3986, Time: 00:09:36

Health: 0/70       AC:  8    Str: 33    XL:     8   Next: 15%
Magic:  7/7        EV: 11    Int:  5    God:    Okawaru [......]
Gold:   302        SH:  5    Dex: 12    Spells: 7/7 levels left

rFire   . . .        a - +1 falchion (holy)
rCold   . . .        c - +0 buckler
rNeg    . . .        b - +1 scale mail
rPois   .            (helmet restricted)
rElec   .            (no cloak)
rCorr   .            (no gloves)
SInv    .            (no boots)
Will    .....        (no amulet) Stlth
                     g - +6 ring of strength
HPRegen 0.31/turn    k - +6 ring of strength
MPRegen 0.10/turn

%: no passive effects
@: no status effects
A: horns 2, retaliatory headbutt
a: Renounce Religion


You were on level 5 of the Dungeon.
You worshipped Okawaru.
Okawaru was noncommittal.
You visited 2 branches of the dungeon, and saw 6 of its levels.
You also visited: Sewer and Ossuary.

You collected 302 gold pieces.

Inventory:

Hand Weapons
 a - a +1 falchion of holy wrath (weapon)
Missiles
 v - a throwing net (quivered)
Armour
 b - a +1 scale mail (worn)
 c - a +0 buckler (worn)
Jewellery
 g - a +6 ring of strength (left hand)
 k - a +6 ring of strength (right hand)
Wands
 m - a wand of flame (18)
Scrolls
 f - 5 scrolls of enchant weapon
 i - 3 scrolls of fog
 j - 4 scrolls of poison
 l - a scroll of magic mapping
 n - 6 scrolls of fear
 o - 2 scrolls of teleportation
 p - a scroll of enchant armour
 q - a scroll of butterflies {unknown}
 r - a scroll of immolation
 u - a scroll of blinking
Potions
 d - 5 potions of might
 e - 3 potions of curing
 h - 2 potions of brilliance
 s - a potion of heal wounds
 t - 3 potions of mutation


   Skills:
 + Level 6.1 Fighting
 + Level 7.6 Long Blades
 + Level 6.5 Armour
 + Level 2.4 Dodging
 + Level 0.6 Stealth
 + Level 5.3 Shields


You had 7 spell levels left.
You didn't know any spells.
Your spell library contained the following spells:

 Spells                   Type           Power      Damage    Failure   Level
 Magic Dart               Conj           0%         1d3       75%         1
 Sting                    Tmut/Pois      0%         1d3       75%         1
 Blink                    Tloc           0%         N/A       86%         2
 Lesser Beckoning         Tloc           0%         N/A       86%         2
 Momentum Strike          Conj/Tloc      0%         3d8       86%         2
 Poisonous Vapours        Pois/Air       0%         N/A       86%         2
 Mephitic Cloud           Conj/Pois/Air  0%         N/A       98%         3
 Portal Projectile        Hex/Tloc       0%         N/A       98%         3
 Leda's Liquefaction      Hex/Erth       0%         N/A       100%        4
 Olgreb's Toxic Radiance  Pois           0%         N/A       100%        4
 Call Imp                 Summ           Unusable   N/A       N/A         2
 Call Canine Familiar     Summ           Unusable   N/A       N/A         3

Dungeon Overview and Level Annotations

Branches:
Dungeon (5/15)             Temple (1/1) D:4           Sewer (visited)
Ossuary (visited)

Altars:
Ashenzari
Cheibriados
Dithmenos
Fedhas
Gozag
Hepliaklqana
Kikubaaqudgha
Makhleb
Nemelex Xobeh
Okawaru
Ru
Sif Muna
Trog
Uskayaw
Wu Jian
Xom
Yredelemnul
Zin
The Shining One

Annotations:
D:2 1 runed translucent door, Crazy Yiuf


Innate Abilities, Weirdness & Mutations

You have a pair of horns on your head.
You reflexively headbutt those who attack you in melee.


Message History

The iguana is heavily wounded.
The iguana misses you. You furiously retaliate!
You headbutt the iguana. You barely miss the iguana.
You headbutt the iguana, but do no damage.
The iguana is heavily wounded.
The iguana bites you.
You barely miss the iguana.
The iguana is heavily wounded.
The iguana barely misses you. You furiously retaliate!
You headbutt the iguana!
You kill the iguana!
Okawaru accepts your kill.
You see here an iguana corpse.
You now have 271 gold pieces (gained 16).
v - a throwing net You now have 284 gold pieces (gained 13).
You now have 302 gold pieces (gained 18).
There is a stone staircase leading up here.
An ogre comes into view. It is wielding a +0 giant spiked club.
An ogre is nearby!
An ogre is nearby!
An ogre is nearby!
A phantom comes into view.
Found 2 poisoned darts.
You slash the ogre!
You headbutt the ogre, but do no damage.
The ogre is moderately wounded.
The ogre hits you with a +0 giant spiked club!!!
Ouch! That really hurt!
You barely miss the ogre.
The ogre is moderately wounded.
You barely miss the ogre.
The ogre is moderately wounded.
The ogre hits you with a +0 giant spiked club!!
* * * LOW HITPOINT WARNING * * *
You slash the ogre! You headbutt the ogre.
The ogre is severely wounded.
You barely miss the ogre.
The ogre is severely wounded.
The ogre hits you with a +0 giant spiked club!
You die...

#... #.......( #...
#....... ##...
#...... .......
#..... ........
#.... .......... .W.
.......... #O#
.......... #@#
.......... ##.#
.......... #..#
.......... #.##
.......... ##.#
#####...
#..##############.##
#.#...............#
#.#.###############
#...#


You could see an ogre and a phantom.

Vanquished Creatures
  A black bear (D:4)
  Pargi (Sewer)
  3 phantoms
  An elf zombie (Ossuary)
  A scorpion (D:4)
  2 hounds (D:4)
  2 orc priests (D:4)
  Terence (D:2)
  5 iguanas
  4 mummies (Ossuary)
  10 adders
  4 river rats (D:3)
  A shadow imp (D:4)
  A white imp (D:4)
  4 worms (D:3)
  3 dart slugs
  18 orcs
  4 endoplasms
  4 giant cockroaches
  9 goblins
  13 hobgoblins
  4 jackals (D:3)
  3 quokkas
  12 ball pythons
  5 bats
  2 frilled lizards
  2 gnoll zombies (Ossuary)
  2 goblin zombies (Ossuary)
  A hobgoblin zombie (Ossuary)
  A jackal zombie (Ossuary)
  6 kobolds
  A kobold zombie (Ossuary)
  3 orc zombies (Ossuary)
  9 rats
  A rat zombie (Ossuary)
144 creatures vanquished.

Notes
Turn   | Place    | Note
-------+----------+-------------------------------------------
     0 | D:1      | Peloso the Minotaur Fighter began the quest for the Orb.
     0 | D:1      | Reached XP level 1. HP: 19/19 MP: 0/0
   149 | D:1      | Reached XP level 2. HP: 27/27 MP: 1/1
   419 | D:1      | Reached XP level 3. HP: 32/33 MP: 2/2
   446 | D:1      | Reached skill level 3 in Long Blades
   702 | D:2      | Noticed Terence
   716 | D:2      | Killed Terence
   838 | D:2      | Found a runed translucent door.
   839 | D:2      | Noticed Crazy Yiuf
   891 | D:2      | Reached XP level 4. HP: 36/37 MP: 3/3
  1451 | D:3      | Reached skill level 4 in Long Blades
  1467 | D:3      | Reached XP level 5. HP: 39/47 MP: 4/4
  1551 | D:3      | Found a glowing drain.
  1561 | Sewer    | Entered a sewer
  1585 | Sewer    | Reached skill level 5 in Fighting
  1629 | Sewer    | Noticed Pargi
  1648 | Sewer    | Killed Pargi
  1649 | Sewer    | Reached skill level 1 in Dodging
  1649 | Sewer    | Reached XP level 6. HP: 25/56 MP: 5/5
  1792 | Sewer    | Reached skill level 5 in Armour
  2110 | D:3      | Reached skill level 5 in Long Blades
  2627 | D:4      | Reached skill level 6 in Long Blades
  2627 | D:4      | Reached XP level 7. HP: 30/61 MP: 6/6
  2842 | D:4      | Found a blossoming altar of Fedhas.
  2870 | D:4      | Found a staircase to the Ecumenical Temple.
  2878 | D:4      | Reached skill level 5 in Shields
  2900 | Temple   | Entered the Ecumenical Temple
  2908 | Temple   | Became a worshipper of Warmaster Okawaru
  3164 | D:4      | Reached skill level 7 in Long Blades
  3461 | D:5      | Entered Level 5 of the Dungeon
  3498 | D:5      | Found a sand-covered staircase.
  3507 | Ossuary  | Entered an ossuary
  3640 | Ossuary  | Reached XP level 8. HP: 70/70 MP: 7/7
  3986 | D:5      | Slain by an ogre

Illustrated notes

Levels and vault maps discovered:
D:1:      minmay_arrival_five_plusses, layout_loops_ring
D:2:      layout_basic, uniq_crazy_yiuf_cottage, uniq_terence
D:3:      layout_basic, lightli_sewer_entry_pipes
D:4:      layout_loops_ring, mainiacjoe_overflow_boulevard,
          minmay_temple_entry_mist
D:5:      layout_rooms, chequers_ossuary_entry_cave, hellmonk_bongcloud_opening
Temple:   nicolae_temple_no_exploring_needed

Skill      XL: |  1  2  3  4  5  6  7  8 |
---------------+-------------------------+-----
Fighting       | 4 5 6 |  6.1
Shields        | 4 5 |  5.3
Armour         | 4 5 6 |  6.5
Long Blades    | 3 4 6 7 |  7.6
Dodging        | 1 2 |  2.4
Stealth        | |  0.6

Action                     |  1- 3 |  4- 6 |  7- 9 || total
---------------------------+-------+-------+-------++-------
  Melee: Long sword        |    70 |   149 |       ||   219
         Headbutt          |    12 |    25 |    30 ||    67
         Falchion          |       |    36 |   157 ||   193
    Use: Potion            |     3 |       |       ||     3
         Scroll            |     1 |    12 |     3 ||    16
 Armour: Scale mail        |    23 |    86 |    38 ||   147
  Dodge: Dodged            |    32 |   127 |    68 ||   227
  Block: Buckler           |    11 |    43 |    37 ||    91
